 Dungeon Crawl Stone Soup version 0.31.0-12-g77e489cdc1 (webtiles) character file.

Game seed: 8096244947421425287

21 Marvel the Chopper (level 2, 0/25 HPs)
             Began as a Hill Orc Reaver on Feb 15, 2024.
             Succumbed to Jessica's poison
             ... on level 2 of the Dungeon.
             The game lasted 00:01:52 (869 turns).

Marvel the Chopper (Hill Orc Reaver)                 Turns: 869, Time: 00:01:53

Health: 0/25       AC: 11    Str: 14    XL:     2   Next: 83%
Magic:  4/4        EV: 10    Int: 13    God:
Gold:   41         SH:  0    Dex:  9    Spells: 3/4 levels left

rFire   . . .        a - +0 hand axe
rCold   . . .        (no shield)
rNeg    . . .        e - +0 ring mail
rPois   .            (helmet restricted)
rElec   .            (no cloak)
rCorr   .            (no gloves)
SInv    .            d - +1 pair of boots
Will    .....        (no amulet) Stlth
                     k - +4 ring of protection
HPRegen 0.24/turn    (no ring)
MPRegen 0.09/turn

%: no passive effects
@: lethally poisoned (0 -> -2)
A: antennae 1, evolution 1, MP-powered wands
a: no special abilities


You were on level 2 of the Dungeon.
You visited 1 branch of the dungeon, and saw 2 of its levels.

You collected 41 gold pieces.

Inventory:

Hand Weapons
 a - a +0 hand axe (weapon)
 g - a +3 sling
Missiles
 h - 15 stones
Armour
 b - a +0 leather armour
 d - a +1 pair of boots (worn)
 e - a +0 ring mail (worn)
Jewellery
 k - a +4 ring of protection (left hand)
Scrolls
 f - a scroll of revelation {unknown}
 i - 3 scrolls of teleportation {unknown}
 j - a scroll of noise {unknown}


   Skills:
 + Level 2.4 Fighting
 + Level 4.8 Axes
 + Level 0.1 Armour
 + Level 1.6 Dodging
 + Level 1.6 Spellcasting
 + Level 3.2 Conjurations


You had 3 spell levels left.
You knew the following spells:

 Your Spells              Type           Power      Damage    Failure   Level
a - Kiss of Death         Conj/Necr      20%        2d7       28%         1

Your spell library contained the following spells:

 Spells                   Type           Power      Damage    Failure   Level
 Momentum Strike          Conj/Tloc      10%        3d8       38%         2
 Hailstorm                Conj/Ice       5%         3d5       63%         3


Dungeon Overview and Level Annotations

Branches:
Dungeon (2/15)

Altars:

Annotations:
D:2 Jessica


Innate Abilities, Weirdness & Mutations

You have a pair of small antennae on your head.
You have hidden genetic potential.
You expend magic power (3 MP) to strengthen your wands.


Message History

Jessica blinks!
The rat attacks as it pursues you! The rat bites you but does no damage.
You feel very sick.
You feel sick.
The ball python attacks as it pursues you!
The ball python barely misses you. The ball python misses you.
The ball python bites you but does no damage.
The ball python grabs you. The ball python constricts you.
* * * LOW HITPOINT WARNING * * *
You escape the ball python's grasp.
* * * LOW HITPOINT WARNING * * *
You feel sick.
It was a potion of mutation.
You feel extremely strange.
You feel your magical essence link to the dungeon's wands.
You feel a hidden potential growing inside you.
A pair of antennae grows on your head!
* * * LOW HITPOINT WARNING * * *
You feel sick.
Okay, then.
You closely miss the ball python.
* * * LOW HITPOINT WARNING * * *
You feel sick. The ball python barely misses you.
The ball python closely misses you.
The ball python bites you but does no damage.
The ball python closely misses you.
You hit the ball python.
You kill the ball python!
* * * LOW HITPOINT WARNING * * *
You feel sick.
You hit the rat.
You kill the rat!
* * * LOW HITPOINT WARNING * * *
You feel sick.
Jessica casts a spell.
Jessica blinks!
* * * LOW HITPOINT WARNING * * *
You feel sick.
Things that are here:
a rat corpse; a ball python corpse You die...

#.# #.# #.#
#.# #.# #.#
#.# #.# . #@#
... #†#
....###.#
........#####
##....).....#
#..........#
#..........#
#..........#
>....(..@...#


There were no monsters in sight!

Vanquished Creatures
  5 ball pythons
  2 bats (D:1)
  3 endoplasms (D:1)
  2 hobgoblins
  A kobold (D:1)
  A quokka (D:1)
  4 frilled lizards (D:1)
  A goblin (D:1)
  A rat (D:2)
20 creatures vanquished.

Notes
Turn   | Place    | Note
-------+----------+-------------------------------------------
     0 | D:1      | Marvel the Hill Orc Reaver began the quest for the Orb.
     0 | D:1      | Reached XP level 1. HP: 18/18 MP: 3/3
   188 | D:1      | Reached XP level 2. HP: 25/25 MP: 4/4
   855 | D:2      | Noticed Jessica
   864 | D:2      | Gained mutation: You expend magic power (3 MP) to
                  | strengthen your wands. [potion of mutation]
   864 | D:2      | Gained mutation: You have hidden genetic potential. [potion
                  | of mutation]
   864 | D:2      | Gained mutation: You have a pair of small antennae on your
                  | head. [potion of mutation]
   867 | D:2      | HP: 1/25 [poisoned by Jessica]
   869 | D:2      | Succumbed to Jessica's poison

Illustrated notes

Levels and vault maps discovered:
D:1:      wander_arrival_peaceful_grave, layout_loops_cross,
          chequers_serial_rivers_small_3
D:2:      cheibrodos_old_hovel, layout_basic, uniq_jessica, uniq_terence

Action                     || total
---------------------------++-------
  Melee: Hand axe          ||    69
         Punch             ||     1
    Use: Scroll            ||     1
         Potion            ||     1
 Armour: Ring mail         ||    42
  Dodge: Dodged            ||    43
